 Dungeon Crawl Stone Soup version 0.31-a0-218-g813d01f837 (webtiles) character file.

Game seed: 12001034876425150165

949 qw the Chopper (level 8, -3/48 HPs)
             Began as a Gargoyle Fighter on July 3, 2023.
             Was an Initiate of Okawaru.
             Slain by an orc warrior
             ... wielding a +2 heavy dire flail
              (20 damage)
             ... on level 6 of the Dungeon.
             The game lasted 00:01:42 (3718 turns).

qw the Chopper (Gargoyle Fighter)                   Turns: 3718, Time: 00:01:43

Health: -3/48      AC: 21    Str: 22    XL:     8   Next: 13%
Magic:  6/9        EV: 13    Int:  9    God:    Okawaru [......]
Gold:   79         SH:  5    Dex:  9    Spells: 7/7 levels left

rFire   . . .        Y - +1 war axe (heavy)
rCold   . . .        c - +0 buckler
rNeg    + . .        k - +0 plate armour
rPois   inf          e - +0 helmet
rElec   +            (no cloak)
rCorr   .            (no gloves)
SInv    +            (no boots)
Will    .....        (no amulet) Stlth
                     f - ring of see invisible
HPRegen 0.28/turn    r - +5 ring of evasion
MPRegen 0.11/turn

%: no passive effects
@: heroic
A: sickness immunity, AC +5, negative energy resistance 1, electricity
resistance, torment resistance 1, petrification resistance
a: Renounce Religion


You were on level 6 of the Dungeon.
You worshipped Okawaru.
Okawaru was noncommittal.
You visited 2 branches of the dungeon, and saw 7 of its levels.

You collected 261 gold pieces.
You spent 182 gold pieces at shops.


Innate Abilities, Weirdness & Mutations

You are immune to sickness and miasma.
Your stone body is resilient. (AC +5)
You are immune to poison.
You resist negative energy. (rN+)
You are resistant to electric shocks. (rElec)
You are resistant to unholy torment.
You are immune to petrification.


   Skills:
 + Level 4.2(9.2) Fighting
 - Level 7.3(12.3) Axes
 - Level 1.0(6.0) Throwing
 - Level 4.7(9.7) Armour
 - Level 3.2(8.2) Shields
 - Level 2.0 Invocations


You had 7 spell levels left.
You didn't know any spells.
Your spell library was empty.

Inventory:

Hand Weapons
 o - a +0 flail
 Y - a +1 heavy war axe (weapon)
Missiles
 a - 7 boomerangs (quivered)
Armour
 c - a +0 buckler (worn)
 e - a +0 helmet (worn)
 k - a +0 plate armour (worn)
Jewellery
 f - a ring of see invisible (left hand)
 r - a +5 ring of evasion (right hand)
Scrolls
 j - a scroll of identify
Potions
 b - a potion of curing
 d - 2 potions of might
 g - a potion of haste {unknown}
 h - a potion of lignification {unknown}
 i - 3 potions of heal wounds
 m - a potion of berserk rage {unknown}
 n - a potion of attraction

Dungeon Overview and Level Annotations

Branches:
Dungeon (6/15)             Temple (1/1) D:4

Altars:
Ashenzari
Cheibriados
Elyvilon
Fedhas
Gozag
Hepliaklqana
Kikubaaqudgha
Nemelex Xobeh
Okawaru
Qazlal
Ru
Sif Muna
Trog
Uskayaw
Vehumet
Wu Jian
Xom
Yredelemnul
Zin
The Shining One

Shops:
D:5 !

Annotations:
D:3 exclusion: iron imp
D:5 2 transporters


Message History

The orc priest calls down the wrath of Beogh upon you.
Beogh smites you! The gnoll hits you but does no damage.
You barely miss the gnoll.
The orc priest casts a cantrip, but nothing happens.
You slash the gnoll!
The gnoll is heavily wounded.
You barely miss the gnoll.
The orc priest looks braver for a moment.
The gnoll hits you with a +0 whip of venom.
The gnoll barely misses you. The gnoll closely misses you.
You block the gnoll's attack. x2
You slash the gnoll!
The gnoll is almost dead.
You slash the gnoll!
You kill the gnoll!
Okawaru accepts your kill. The gnoll hits you but does no damage.
The gnoll closely misses you.
You hit the gnoll.
You kill the gnoll!
Okawaru accepts your kill. The gnoll misses you.
3714 ||| Stepping ~*~*~tactically~*~*~ (hiding).
The gnoll barely misses you.
You slice the gnoll!!
You kill the gnoll!
Okawaru accepts your kill.
You feel like a meek peon again.
The orc warrior unwields a +2 heavy dire flail.
The orc warrior wields a +0 arbalest.
The orc warrior shoots a bolt.
The bolt hits you.
Your Invocations skill increases to level 2!
3717 ||| INVOKING Heroism.
You gain the combat prowess of a mighty hero.
You can no longer gain great but temporary skills.
You hit the orc warrior.
The orc warrior is lightly wounded.
The orc warrior unwields a +0 arbalest.
The orc warrior wields a +2 heavy dire flail.
The orc warrior hits you with a +2 heavy dire flail!!
You die...

#.########
.#######.........
..........#######
.#######.## #.#
#.### #...# ###.#
#@# #.()ooo....
#.#.###..## #(#.#
# # #.# ###


You could see an orc warrior, an orc priest and an orc.

Vanquished Creatures
  A water moccasin (D:5)
  2 ice beasts (D:6)
  An ogre (D:2)
  A scorpion (D:4)
  4 hounds
  3 iguanas
  3 orc wizards
  Terence (D:3)
  5 adders
  7 gnolls
  A white imp (D:5)
  5 dart slugs
  15 orcs
  A ball python (D:3)
  5 endoplasms
  6 giant cockroaches
  8 goblins
  7 hobgoblins
  4 jackals (D:3)
  4 kobolds
  3 quokkas
  5 bats
  3 frilled lizards
  5 rats
100 creatures vanquished.

Notes
Turn   | Place    | Note
-------+----------+-------------------------------------------
     0 | D:1      | qw the Gargoyle Fighter began the quest for the Orb.
     0 | D:1      | Reached XP level 1. HP: 14/14 MP: 1/1
     0 | D:1      | 0 ||| qw: Version: 0.3-a-40-ge99b1a8
     0 | D:1      | 0 ||| qw: Game counter: 307
     0 | D:1      | 0 ||| qw: Melee chars always use a shield: true
     0 | D:1      | 0 ||| qw: God list: Okawaru
     0 | D:1      | 0 ||| qw: Allow faded altars: false
     0 | D:1      | 0 ||| qw: Do Orc after clearing Dungeon:15 true
     0 | D:1      | 0 ||| qw: Do second Lair branch before Depths: true
     0 | D:1      | 0 ||| qw: Lair rune preference: random
     0 | D:1      | 0 ||| qw: Goals: Normal, Zot:1-4, Slime:5, God:TSO, Crypt,
                  | Tomb, Abyss, Pan, Hells, Win
     0 | D:1      | 0 ||| PLANNING D:1-11
    62 | D:1      | Reached skill level 2 in Axes
   102 | D:1      | 102 ||| Stepping ~*~*~tactically~*~*~ (hiding).
   150 | D:1      | Reached XP level 2. HP: 19/19 MP: 2/2
   281 | D:1      | You fall into a shaft and drop 1 floor!
   303 | D:2      | 303 ||| DROPPING scarf of shadows.
   304 | D:2      | 304 ||| UPGRADING to ring of see invisible.
   305 | D:2      | 305 ||| READING scroll labelled QIHOACH ZANAY.
   306 | D:2      | 306 ||| READING scroll labelled VADIDA FEWEUS.
   538 | D:1      | 538 ||| Stepping ~*~*~tactically~*~*~ (hiding).
   539 | D:1      | 539 ||| Stepping ~*~*~tactically~*~*~ (hiding).
   540 | D:1      | 540 ||| Stepping ~*~*~tactically~*~*~ (hiding).
   547 | D:1      | Reached skill level 3 in Axes
   747 | D:1      | 747 ||| READING scroll labelled IWKAGOROAL.
   765 | D:2      | Reached XP level 3. HP: 23/23 MP: 3/3
   828 | D:2      | Found an ancient bone altar of Kikubaaqudgha.
   868 | D:2      | 868 ||| Stepping ~*~*~tactically~*~*~ (stealth).
   887 | D:2      | 887 ||| FLEEEEING.
   893 | D:2      | Reached skill level 1 in Throwing
  1034 | D:2      | Reached XP level 4. HP: 26/28 MP: 4/4
  1112 | D:2      | 1112 ||| Stepping ~*~*~tactically~*~*~ (stealth).
  1315 | D:2      | 1315 ||| UPGRADING to +0 plate armour.
  1325 | D:2      | 1325 ||| DROPPING +0 scale mail.
  1326 | D:2      | 1326 ||| READING scroll labelled SOFUCVIKOI.
  1327 | D:2      | 1327 ||| READING scroll labelled ARYHELA MYKHLO.
  1328 | D:2      | 1328 ||| READING scroll labelled FEULENGUUPH.
  1348 | D:3      | Noticed an ogre
  1351 | D:3      | 1351 ||| STAIRDANCE
  1354 | D:2      | Killed an ogre
  1355 | D:2      | Reached skill level 4 in Axes
  1355 | D:2      | Reached XP level 5. HP: 15/32 MP: 5/5
  1554 | D:3      | 1554 ||| Stepping ~*~*~tactically~*~*~ (stealth).
  1596 | D:3      | Noticed Terence
  1605 | D:3      | Killed Terence
  1606 | D:3      | Reached skill level 5 in Axes
  1709 | D:3      | 1709 ||| Stepping ~*~*~tactically~*~*~ (stealth).
  1758 | D:3      | 1758 ||| READING 2 scrolls labelled COCHYI UPNU.
  1831 | D:3      | 1831 ||| READING scroll labelled PUIMO JOEBE.
  1932 | D:3      | 1932 ||| DROPPING scroll of revelation.
  1973 | D:4      | Reached XP level 6. HP: 38/38 MP: 6/6
  2018 | D:4      | Found a staircase to the Ecumenical Temple.
  2020 | D:4      | 2020 ||| PLANNING TEMPLE
  2107 | Temple   | Entered the Ecumenical Temple
  2113 | Temple   | 2113 ||| PLANNING OKAWARU WORSHIP
  2198 | Temple   | Became a worshipper of Warmaster Okawaru
  2199 | Temple   | 2199 ||| PLANNING D:1-11
  2382 | D:4      | 2382 ||| Stepping ~*~*~tactically~*~*~ (hiding).
  2390 | D:4      | HP: 9/38 [gnoll/+0 halberd (3)]
  2665 | D:4      | 2665 ||| Stepping ~*~*~tactically~*~*~ (water).
  2673 | D:4      | 2673 ||| Stepping ~*~*~tactically~*~*~ (stealth).
  2674 | D:4      | 2674 ||| DROPPING +0 club.
  2757 | D:4      | Reached skill level 6 in Axes
  2784 | D:4      | Found Dafuziyn's Antique Armour Shoppe.
  2840 | D:4      | 2840 ||| UPGRADING to +0 helmet.
  2845 | D:4      | 2845 ||| READING scroll labelled XEGREBR LOBB.
  2846 | D:4      | 2846 ||| READING scroll labelled WAYSAL EFOYZI.
  2847 | D:4      | 2847 ||| READING 2 scrolls of identify.
  2847 | D:4      | 2847 ||| IDENTIFYING smoky emerald potion
  2879 | D:5      | Entered Level 5 of the Dungeon
  2919 | D:5      | 2919 ||| STAIRDANCE
  2931 | D:5      | Found a transporter.
  2970 | D:5      | Reached XP level 7. HP: 39/43 MP: 7/7
  3021 | D:5      | Found Ilaneis's Distillery.
  3027 | D:5      | 3027 ||| BUYING 2 potions of heal wounds (140 gold).
  3027 | D:5      | Bought 2 potions of heal wounds for 140 gold pieces
  3027 | D:5      | 3027 ||| BUYING potion of attraction (42 gold).
  3027 | D:5      | Bought a potion of attraction for 42 gold pieces
  3027 | D:5      | 3027 ||| SHOPLISTING potion of attraction (42 gold, have
                  | 32).
  3027 | D:5      | 3027 ||| SHOPLISTING potion of cancellation (112 gold, have
                  | 32).
  3027 | D:5      | 3027 ||| SHOPLISTING potion of curing (42 gold, have 32).
  3027 | D:5      | 3027 ||| SHOPLISTING potion of lignification (42 gold, have
                  | 32).
  3027 | D:5      | 3027 ||| SHOPLISTING potion of magic (112 gold, have 32).
  3030 | D:5      | 3030 ||| Stepping ~*~*~tactically~*~*~ (stealth).
  3034 | D:5      | 3034 ||| Stepping ~*~*~tactically~*~*~ (hiding).
  3098 | D:5      | Reached * piety under Okawaru
  3170 | D:5      | Found a transporter.
  3298 | D:5      | Found a blossoming altar of Fedhas.
  3311 | D:5      | Found a shimmering blue altar of Sif Muna.
  3318 | D:5      | 3318 ||| Stepping ~*~*~tactically~*~*~ (stealth).
  3320 | D:5      | 3320 ||| Stepping ~*~*~tactically~*~*~ (stealth).
  3629 | D:5      | 3629 ||| DROPPING ring of flight.
  3630 | D:5      | 3630 ||| UPGRADING to +5 ring of evasion.
  3631 | D:5      | 3631 ||| READING scroll labelled KOAXKE LAXTO.
  3632 | D:5      | 3632 ||| READING scroll labelled EDGHOVV GOWE.
  3657 | D:6      | 3657 ||| PLANNING SEWER
  3678 | D:6      | Reached skill level 1 in Invocations
  3705 | D:6      | 3705 ||| INVOKING Heroism.
  3709 | D:6      | Reached skill level 7 in Axes
  3709 | D:6      | Reached XP level 8. HP: 27/48 MP: 6/9
  3714 | D:6      | 3714 ||| Stepping ~*~*~tactically~*~*~ (hiding).
  3717 | D:6      | 3717 ||| INVOKING Heroism.
  3718 | D:6      | Slain by an orc warrior

Levels and vault maps discovered:
D:1:      wander_arrival_peaceful_grave, layout_loops_ring
D:2:      layout_basic, basic_altar, chequers_serial_rivers_small_b,
          minmay_octomino_e4
D:3:      layout_basic, demons_altar, uniq_terence
D:4:      wander_river, layout_loops_ring, minmay_temple_entry_statues,
          serial_shops, nicolae_take_the_stairs
D:5:      gammafunk_wand_slinger, layout_loops_ring, nicolae_overflow_squiral,
          serial_shops, shop
D:6:      layout_loops_ring, gup_sewer_entry_spiral
Temple:   dpeg_three_leaves_temple

Skill      XL: |  1  2  3  4  5  6  7  8 |
---------------+-------------------------+-----
Axes           | 2 3 4 5 6 7 |  7.3
Throwing       | 1 |  1.0
Fighting       | 4 |  4.2
Armour         | 4 |  4.7
Invocations    | 1 2 |  2.0
Shields        | |  3.2

Action                     |  1- 3 |  4- 6 |  7- 9 || total
---------------------------+-------+-------+-------++-------
  Melee: War axe           |    77 |    70 |    65 ||   212
  Throw: Javelin           |    29 |    28 |    12 ||    69
         Boomerang         |     3 |    41 |     4 ||    48
 Invoke: Heroism           |       |       |     2 ||     2
    Use: Scroll            |     3 |     8 |     2 ||    13
 Armour: Scale mail        |    30 |     5 |       ||    35
         Plate armour      |       |    50 |    51 ||   101
  Dodge: Dodged            |    46 |    24 |    27 ||    97
  Block: Buckler           |    17 |    19 |    14 ||    50

Table legend:
 A = Non-vault XP
 B = Vault XP
 C = Vault XP percentage of total XP
 D = Non-vault monster count
 E = Vault monster count
 F = Vault count percentage of total count
                 A         B        C        D         E       F
            +---------+---------+-------+---------+---------+-------
      Total |    1302 |      55 |   4.1 |      95 |       5 |   5.0
            +---------+---------+-------+---------+---------+-------
        D:1 |      33 |       0 |   0.0 |      15 |       0 |   0.0
        D:2 |     172 |      19 |   9.9 |      24 |       4 |  14.3
        D:3 |      24 |      36 |  60.0 |      13 |       1 |   7.1
        D:4 |     291 |       0 |   0.0 |      18 |       0 |   0.0
        D:5 |     479 |       0 |   0.0 |      20 |       0 |   0.0
        D:6 |     303 |       0 |   0.0 |       5 |       0 |   0.0
            +---------+---------+-------+---------+---------+-------
